 Dungeon Crawl Stone Soup version 0.30-a0-141-g30f27751c5 (webtiles) character file.

Game seed: 9621438479468535832

619 qw the Chopper (level 7, -1/43 HPs)
             Began as a Gargoyle Fighter on Sept 25, 2022.
             Slain by an orc warrior
             ... wielding a +0 battleaxe
              (4 damage)
             ... on level 7 of the Dungeon.
             The game lasted 00:01:18 (4835 turns).

qw the Chopper (Gargoyle Fighter)                   Turns: 4835, Time: 00:01:18

Health: -1/43      AC: 16    Str: 21    XL:     7   Next: 46%
Magic:  7/7        EV:  7    Int:  9    God:
Gold:   205        SH:  4    Dex:  9    Spells: 6/6 levels left

rFire   . . .      SeeInvis .    Y - +0 war axe
rCold   . . .      Faith    .    c - +0 buckler
rNeg    + . .      Spirit   .    i - +1 chain mail {rPois}
rPois   inf        Reflect  .    (helmet restricted)
rElec   +          Harm     .    (no cloak)
rCorr   .          Rampage  .    g - +0 pair of gloves
Will    .....                    (no boots)
Stlth   ..........               p - amulet of the acrobat
HPRegen 0.14/turn                (no ring)
MPRegen 0.10/turn                (no ring)

@: no status effects
A: sickness immunity, AC +4, negative energy resistance 1, electricity
resistance, torment resistance 1, petrification resistance, horns 1
a: no special abilities


You were on level 7 of the Dungeon.
You visited 1 branch of the dungeon, and saw 7 of its levels.

You collected 205 gold pieces.


Innate Abilities, Weirdness & Mutations

You are immune to sickness and miasma.
Your stone body is resilient. (AC +4)
You are immune to poison.
You resist negative energy. (rN+)
You are resistant to electric shocks. (rElec)
You are resistant to unholy torment.
You are immune to petrification.
You have a pair of small horns on your head.


   Skills:
 - Level 4.0 Fighting
 + Level 6.7 Axes
 - Level 3.2 Armour
 - Level 1.6 Dodging
 - Level 3.2 Shields


You had 6 spell levels left.
You didn't know any spells.
Your spell library was empty.

Inventory:

Hand Weapons
 f - a +0 vampiric whip
 Y - a +0 war axe (weapon)
Missiles
 a - 3 boomerangs (quivered)
Armour
 c - a +0 buckler (worn)
 g - a +0 pair of gloves (worn)
 i - a +1 chain mail of poison resistance (worn)
Jewellery
 p - an amulet of the acrobat (around neck)
Scrolls
 k - 2 scrolls of identify
Potions
 d - 4 potions of might
 e - a potion of attraction
 m - 2 potions of mutation
 o - a potion of lignification

Dungeon Overview and Level Annotations

Branches:
Dungeon (8/15)
 Temple: D:4-7         Lair: D:8-11

Altars:
Gozag
Uskayaw
Xom

Shops:
D:1 !

Annotations:
D:3 1 runed translucent door, qw's ghost, amateur GrFi


Message History

The iguana bites you but does no damage.
You block the centaur's attack.
The centaur kicks you but does no damage.
You slash the centaur!
The centaur is heavily wounded.
You hit the iguana. You barely miss the orc warrior.
The centaur hits you but does no damage.
The centaur kicks you.
The iguana hisses menacingly.
The iguana closely misses you. The orc warrior barely misses you.
You block the centaur's attack. The centaur kicks you.
The iguana bites you but does no damage.
You block the orc warrior's attack.
You hit the centaur. You headbutt the centaur.
The centaur is severely wounded.
You barely miss the iguana.
You hit the orc warrior but do no damage.
The centaur hits you but does no damage.
You block the centaur's attack.
The orc warrior hits you but does no damage.
The iguana bites you.
You slash the centaur!
You kill the centaur!
You hit the iguana but do no damage. You hit the orc warrior.
The orc warrior hits you with a +0 battleaxe!
The iguana bites you but does no damage.
You hit the iguana but do no damage.
The iguana is heavily wounded.
You slash the orc!
You kill the orc!
You hit the orc warrior but do no damage.
The orc warrior hits you with a +0 battleaxe!
The iguana bites you but does no damage.
You slash the iguana!
You kill the iguana!
You hit the orc warrior but do no damage.
You hit the kobold.
You kill the kobold!
The orc warrior hits you with a +0 battleaxe.
You die...

.... .... # #..###. #
#...#.#
#>#.....######...##
......... ........
......))##.###...###
......%@.?.........
#.#..#o##..#.....# #
#. #.##.#..#
#..#.##.##.#..# #
#............)####..##
#.#####.##.#.).>......
#.##.##)####.###
#.##.##.## #.##.#)..#


You could see an orc warrior.

Vanquished Creatures
  Sigmund (D:3)
  A centaur (D:7)
  An ogre (D:4)
  A kobold brigand (D:7)
  A jelly (D:3)
  3 iguanas
  A gnoll (D:1)
  3 adders
  5 dart slugs
  6 orcs
  9 endoplasms
  A giant cockroach (D:4)
  3 hobgoblins
  4 quokkas
  7 ball pythons
  6 bats
  3 frilled lizards
  14 goblins
  16 kobolds
  A rat (D:2)
87 creatures vanquished.

Notes
Turn   | Place    | Note
-------+----------+-------------------------------------------
     0 | D:1      | qw the Gargoyle Fighter began the quest for the Orb.
     0 | D:1      | Reached XP level 1. HP: 14/14 MP: 1/1
     0 | D:1      | 0 ||| qw: Version: 0.2-a-10-g399e6c4
     0 | D:1      | 0 ||| qw: Game counter: 142
     0 | D:1      | 0 ||| qw: Always use a shield: true
     0 | D:1      | 0 ||| qw: God list: Okawaru
     0 | D:1      | 0 ||| qw: Allow faded altars: false
     0 | D:1      | 0 ||| qw: Do Orc after D:15 true
     0 | D:1      | 0 ||| qw: Do second Lair branch before Depths: true
     0 | D:1      | 0 ||| qw: Lair rune preference: random
     0 | D:1      | 0 ||| qw: Plans: Normal, Zot:1-4, God:TSO, Crypt, Tomb,
                  | Pan, Slime:5, Hells, Abyss, Orb
     0 | D:1      | 0 ||| PLANNING D:1-11
    68 | D:1      | Reached skill level 2 in Axes
   102 | D:1      | Found Urarigyi's Distillery.
   111 | D:1      | 111 ||| Stepping ~*~*~tactically~*~*~ (stealth).
   118 | D:1      | Reached XP level 2. HP: 14/19 MP: 2/2
   192 | D:1      | 192 ||| SHOPLISTING 2 potions of attraction (78 gold, have
                  | 22).
   192 | D:1      | 192 ||| SHOPLISTING potion of attraction (39 gold, have
                  | 22).
   192 | D:1      | 192 ||| SHOPLISTING potion of curing (39 gold, have 22).
   192 | D:1      | 192 ||| SHOPLISTING potion of haste (130 gold, have 22).
   208 | D:1      | 208 ||| Stepping ~*~*~tactically~*~*~ (stealth).
   214 | D:1      | 214 ||| Stepping ~*~*~tactically~*~*~ (stealth).
   228 | D:1      | Reached skill level 3 in Axes
   239 | D:1      | 239 ||| DROPPING +0 club.
   271 | D:1      | Reached XP level 3. HP: 20/23 MP: 3/3
   375 | D:1      | Found a faded altar of an unknown god.
   847 | D:1      | 847 ||| UPGRADING to +0 pair of gloves.
   852 | D:1      | 852 ||| DRINKING 2 fizzy dark potions.
  1038 | D:2      | 1038 ||| Stepping ~*~*~tactically~*~*~ (stealth).
  1406 | D:2      | Found a hide-covered altar of Uskayaw.
  1428 | D:2      | 1428 ||| Stepping ~*~*~tactically~*~*~ (stealth).
  1548 | D:2      | 1548 ||| READING 2 scrolls labelled DAURRACLASCH.
  1549 | D:2      | 1549 ||| READING scroll labelled FASARE ETOCA.
  1593 | D:2      | 1593 ||| READING scroll labelled LOYMUA GIYDGH.
  1594 | D:2      | 1594 ||| READING 3 scrolls labelled BILAFR NEMO.
  1595 | D:2      | 1595 ||| READING scroll labelled KEW TAPSAO.
  1596 | D:2      | 1596 ||| DRINKING 2 bubbling red potions.
  1596 | D:2      | Gained mutation: You have a pair of small horns on your
                  | head. [potion of mutation]
  1597 | D:2      | 1597 ||| DROPPING scroll of fear.
  1690 | D:3      | Reached XP level 4. HP: 23/28 MP: 4/4
  1695 | D:3      | Reached skill level 4 in Axes
  1829 | D:3      | Found a runed translucent door.
  1829 | D:3      | Noticed qw's ghost (amateur GrFi)
  1933 | D:3      | Found a shimmering altar of Xom.
  1936 | D:3      | Noticed Sigmund
  1950 | D:3      | Killed Sigmund
  1951 | D:3      | Reached skill level 5 in Axes
  1951 | D:3      | Reached XP level 5. HP: 24/32 MP: 5/5
  1951 | D:3      | Reached XP level 6. HP: 27/37 MP: 6/6
  2115 | D:3      | Found an opulent altar of Gozag.
  2228 | D:3      | HP: 7/37 [acid (11)]
  2610 | D:3      | Found a hide-covered altar of Uskayaw.
  3133 | D:3      | 3133 ||| DROPPING scarf of invisibility.
  3134 | D:3      | 3134 ||| UPGRADING to amulet of the acrobat.
  3139 | D:3      | 3139 ||| READING 2 scrolls labelled OLLYNLI VETUIW.
  3253 | D:3      | 3253 ||| READING scroll labelled UNWEEZ SASCHUC.
  3254 | D:3      | 3254 ||| READING scroll labelled AGREAC QAOST.
  3255 | D:3      | 3255 ||| READING scroll labelled DEYSTR FODOGOIFIRGH.
  3256 | D:3      | 3256 ||| READING 2 scrolls of identify.
  3256 | D:3      | 3256 ||| IDENTIFYING white potion
  3257 | D:3      | 3257 ||| DROPPING potion of ambrosia.
  3273 | D:4      | 3273 ||| STAIRDANCE
  3302 | D:4      | 3302 ||| STAIRDANCE
  3677 | D:4      | 3677 ||| Stepping ~*~*~tactically~*~*~ (stealth).
  3678 | D:4      | 3678 ||| Stepping ~*~*~tactically~*~*~ (stealth).
  3686 | D:4      | Reached skill level 1 in Dodging
  3821 | D:4      | 3821 ||| Stepping ~*~*~tactically~*~*~ (hiding).
  3822 | D:4      | 3822 ||| Stepping ~*~*~tactically~*~*~ (hiding).
  4092 | D:4      | 4092 ||| UPGRADING to +1 chain mail of poison resistance.
  4102 | D:4      | 4102 ||| DROPPING +0 scale mail.
  4103 | D:4      | 4103 ||| READING 3 scrolls of identify.
  4103 | D:4      | 4103 ||| IDENTIFYING glowing blue potion
  4104 | D:4      | 4104 ||| READING 2 scrolls of identify.
  4104 | D:4      | 4104 ||| IDENTIFYING amethyst potion
  4116 | D:5      | Entered Level 5 of the Dungeon
  4117 | D:5      | 4117 ||| PLANNING SEWER
  4260 | D:5      | HP: 8/38 [orc priest/divine providence (11)]
  4261 | D:5      | 4261 ||| READING scroll of teleportation.
  4262 | D:5      | 4262 ||| DRINKING potion of heal wounds.
  4538 | D:5      | Reached skill level 6 in Axes
  4538 | D:5      | Reached XP level 7. HP: 24/43 MP: 7/7
  4703 | D:5      | You fall into a shaft and drop 3 floors!
  4834 | D:7      | HP: 3/43 [orc warrior/+0 battleaxe (14)]
  4835 | D:7      | Slain by an orc warrior

Levels and vault maps discovered:
D:1:      dpeg_arrival_radiant, layout_rooms, hellmonk_ecumenical_altar_zigzags,
          serial_shops, shop_statue
D:2:      layout_loops_cross, basic_altar, minmay_domino_4
D:3:      kennysheep_the_goblin_king, layout_loops_corners, dk_xom_monty_hall,
          nicolae_overflow_crystal_walls, overflow_temple_1_default,
          ebering_ghost_inner_flame, uniq_sigmund
D:4:      layout_basic, solitary_fountain
D:5:      layout_loops_ring, overflow_temple_1_default,
          lightli_sewer_entry_pipes
D:7:      layout_loops_ring, grunt_temple_overflow_lords_of_destruction,
          nicolae_ossuary_entry_false_entrances, hellmonk_bongcloud_opening
D:8:      layout_rooms

Skill      XL: |  1  2  3  4  5  6 |
---------------+-------------------+-----
Axes           | 2 3 5 6 |  6.7
Fighting       | 4 |  4.0
Dodging        | 1 |  1.6
Armour         | |  3.2
Shields        | |  3.2

Action                   |  1- 3 |  4- 6 |  7- 9 || total
-------------------------+-------+-------+-------++-------
Melee: War axe           |    90 |    97 |    22 ||   209
       Headbutt          |       |    17 |     3 ||    20
Throw: Boomerang         |       |    21 |     3 ||    24
  Use: Scroll            |     5 |     8 |       ||    13
       Potion            |     2 |     1 |       ||     3
Armor: Scale mail        |    62 |    36 |       ||    98
       Chain mail        |       |     8 |    22 ||    30
Dodge: Dodged            |    39 |    42 |     9 ||    90
Block: Buckler           |    13 |    17 |    10 ||    40

Table legend:
 A = Non-vault XP
 B = Vault XP
 C = Vault XP percentage of total XP
 D = Non-vault monster count
 E = Vault monster count
 F = Vault count percentage of total count
                 A         B        C        D         E       F
            +---------+---------+-------+---------+---------+-------
      Total |     624 |     302 |  32.6 |      76 |      11 |  12.6
            +---------+---------+-------+---------+---------+-------
        D:1 |      60 |       0 |   0.0 |      25 |       0 |   0.0
        D:2 |      15 |       6 |  28.6 |      10 |       2 |  16.7
        D:3 |      34 |     296 |  89.7 |      13 |       9 |  40.9
        D:4 |     162 |       0 |   0.0 |      11 |       0 |   0.0
        D:5 |      80 |       0 |   0.0 |       4 |       0 |   0.0
        D:7 |     273 |       0 |   0.0 |      13 |       0 |   0.0
            +---------+---------+-------+---------+---------+-------
